 Dungeon Crawl Stone Soup version 0.24.0-1-gfbc8707 (webtiles) character file.

Game seed: 10169039498325570429, levelgen mode: deterministic

43 Geeful the Skirmisher (level 3, -4/29 HPs)
             Began as a Demonspawn Abyssal Knight on Nov 2, 2019.
             Was a Follower of Lugonu.
             Slain by Terence
             ... wielding a +0 short sword
              (8 damage)
             ... on level 1 of the Dungeon.
             The game lasted 00:05:40 (1416 turns).

Geeful the Skirmisher (Demonspawn Abyssal Knight)   Turns: 1416, Time: 00:05:41

Health: -4/29      AC:  5    Str: 12    XL:     3   Next: 37%
Magic:  5/5        EV: 11    Int: 13    God:    Lugonu [*.....]
Gold:   119        SH:  0    Dex: 13    Spells: 2/2 levels left

rFire    . . .     SeeInvis .     - Unarmed
rCold    . . .     Gourm    .   (no shield)
rNeg     . . .     Faith    .   a - +0 leather armour
rPois    .         Spirit   .   h - +0 helmet
rElec    .         Reflect  .   (no cloak)
rCorr    .         Harm     .   f - -1 pair of gloves (curse)
MR       .....                  e - +0 pair of boots
Stlth    ++........             (no amulet)
HPRegen  0.09/turn              (no ring)
MPRegen  0.09/turn              (no ring)

@: no status effects
A: nightstalker 1
a: Depart the Abyss, Renounce Religion


You were on level 1 of the Dungeon.
You worshipped Lugonu.
Lugonu was aware of your devotion.
You were not hungry.

You visited 1 branch of the dungeon, and saw 2 of its levels.
You visited the Abyss 1 time.

You collected 119 gold pieces.

Inventory:

Armour
 a - a +0 leather armour (worn)
 e - a +0 pair of boots (worn)
 f - a cursed -1 pair of gloves (worn)
 h - a +0 helmet (worn)
Scrolls
 g - a scroll of identify
Potions
 i - a potion of brilliance
Comestibles
 b - 2 rations
 c - a chunk of flesh


   Skills:
 + Level 3.3 Fighting
 + Level 2.1 Armour
 + Level 1.5 Dodging
 + Level 2.1 Unarmed Combat
 + Level 3.1 Invocations


You had 2 spell levels left.
You didn't know any spells.
Your spell library was empty.

Dungeon Overview and Level Annotations

Branches:
Dungeon (2/15)

Altars:

Annotations:
D:1 Terence
D:2 Sigmund


Innate Abilities, Weirdness & Mutations

You are slightly more attuned to the shadows.


Message History

Terence closely misses you.
You hit Terence.
Terence is severely wounded.
Terence hits you but does no damage.
You hit Terence but do no damage.
Terence is severely wounded.
Terence hits you with a +0 short sword.
* * * LOW HITPOINT WARNING * * *
You hit Terence but do no damage.
Terence is severely wounded.
Terence hits you with a +0 short sword.
* * * LOW HITPOINT WARNING * * *
You closely miss Terence.
Terence is severely wounded.
Terence hits you with a +0 short sword.
* * * LOW HITPOINT WARNING * * *
You hit Terence.
Terence is severely wounded.
Terence hits you with a +0 short sword!
You die...

#..≈≈≈≈≈≈......§≈≈≈≈§§..#.#
###..≈≈≈≈≈≈......≈≈§≈§§...#.#
#.....≈≈≈≈...#....≈§≈≈......#
#####.###.......#..........##..##
....#.##..........#####.#####..#
.#....##.........)# #§# #..#
##..####..........# #.# #.##
.#.## ##...###...## #.# ###..##
...####..### #..@# #.# #......
.##.....## #..@# #.###.##...
.#..##########...# ##.#...###..
.................#####....### #..
..############...#^.....### #..
.## ###.....#.####.# #####.. .#
#...#...#.##...###...... .##
#.###...#.#........###..
..########.# ##.....).....### #..


You could see Terence.

Vanquished Creatures
  An ooze (D:1)
  A worm (D:2)
  2 dart slugs
  2 giant cockroaches
  4 hobgoblins
  4 bats (D:1)
  6 frilled lizards
  8 goblins (D:1)
  2 kobolds (D:1)
  2 rats
32 creatures vanquished.

Notes
Turn   | Place    | Note
-------+----------+-------------------------------------------
     0 | Abyss:1  | Geeful the Demonspawn Abyssal Knight began the quest for
                  | the Orb.
     0 | Abyss:1  | Reached XP level 1. HP: 18/18 MP: 2/2
    35 | Abyss:1  | Noticed an apocalypse crab
    36 | Abyss:1  | Paralysed by you for 5 turns
    42 | D:1      | Escaped the Abyss
   264 | D:1      | Reached * piety under Lugonu
   264 | D:1      | Reached skill level 1 in Dodging
   558 | D:1      | Gained mutation: You are slightly more attuned to the
                  | shadows. [demonic ancestry]
   558 | D:1      | Reached XP level 2. HP: 13/24 MP: 4/4
   969 | D:1      | Reached XP level 3. HP: 23/29 MP: 5/5
  1322 | D:2      | Noticed Terence
  1360 | D:2      | Noticed Sigmund
  1416 | D:1      | Slain by Terence

Levels and vault maps discovered:
D:1:      dpeg_arrival_pits, layout_rooms, chequers_serial_rivers_micro_a,
          grunt_decor_resistance, minmay_pentomino_t2
D:2:      layout_loops_cross, eino_tiny_chamber, uniq_sigmund, uniq_terence

Skill      XL: |  1  2 |
---------------+-------+-----
Dodging        | 1 |  1.5
Armour         | 2 |  2.1
Unarmed Combat | 2 |  2.1
Invocations    | 3 |  3.1
Fighting       | |  3.3

Action                   || total
-------------------------++-------
Melee: Unarmed           ||   228
       Punch             ||     1
Invok: Depart the Abyss  ||     1
  Use: Scroll            ||     5
       Potion            ||     1
 Stab: Sleeping          ||     5
  Eat: Chunk             ||     2
Armor: Leather armour    ||    81
Dodge: Dodged            ||   126
